 Dungeon Crawl Stone Soup version 0.26-a0-952-g76694b35de (webtiles) character file.

Game seed: 4064509078880157862

1261 JolietJake the Cleaver (level 8, -4/73 HPs)
             Began as a Hill Orc Monk on Nov 30, 2020.
             Was a Priest of Beogh.
             Slain by a centaur (8 damage)
             ... on level 6 of the Dungeon.
             The game lasted 00:14:21 (5928 turns).

JolietJake the Cleaver (Hill Orc Monk)              Turns: 5928, Time: 00:14:22

Health: -4/73      AC: 11    Str: 16    XL:     8   Next: 52%
Magic:  8/8        EV: 10    Int: 10    God:    Beogh [***...]
Gold:   290        SH:  0    Dex: 13    Spells: 7/7 levels left

rFire    . . .     SeeInvis .   a - +0 hand axe
rCold    . . .     Faith    .   (no shield)
rNeg     . . .     Spirit   .   v - +0 scale mail
rPois    .         Reflect  .   G - +0 helmet
rElec    .         Harm     .   (no cloak)
rCorr    .         Rampage  .   C - +0 pair of gloves
MR       +....                  B - +0 pair of boots
Stlth    ..........             (no amulet)
HPRegen  0.22/turn              f - +4 ring of slaying
MPRegen  0.11/turn              d - ring of protection from magic

@: no status effects
A: no striking features
a: Smiting, Renounce Religion


You were on level 6 of the Dungeon.
You worshipped Beogh.
Beogh was most pleased with you.
You visited 1 branch of the dungeon, and saw 6 of its levels.

You collected 290 gold pieces.

Inventory:

Hand Weapons
 a - a +0 hand axe (weapon)
Missiles
 b - 44 sling bullets
 e - 78 poisoned darts
 l - 10 boomerangs (quivered)
Armour
 v - a +0 scale mail (worn)
 B - a +0 pair of boots (worn)
 C - a +0 pair of gloves (worn)
 G - a +0 helmet (worn)
Jewellery
 d - a ring of protection from magic (right hand)
 f - a +4 ring of slaying (left hand)
 D - a +6 ring of strength
 F - an uncursed ring of protection from cold
Wands
 c - a wand of random effects (8)
 j - a wand of acid (7)
Scrolls
 g - 3 scrolls of amnesia
 h - a scroll of identify
 k - 3 scrolls of fear
 m - 2 scrolls of remove curse
 p - a scroll of enchant armour {unknown}
 q - 3 scrolls of enchant weapon
 r - 2 scrolls of immolation
 s - a scroll of random uselessness {unknown}
 t - 2 scrolls of teleportation
 u - a scroll of magic mapping {unknown}
 y - 3 scrolls of fog
Potions
 i - a potion of brilliance {unknown}
 n - 3 potions of curing
 o - 2 potions of lignification
 w - a potion of heal wounds {unknown}
 x - a potion of flight {unknown}
 z - a potion of might
 A - a potion of degeneration {unknown}
 E - a potion of magic {unknown}


   Skills:
 + Level 7.0 Fighting
 * Level 10.0 Axes
 + Level 5.1 Armour
 - Level 2.5 Dodging
 - Level 1.6 Stealth


You had 7 spell levels left.
You didn't know any spells.
Your spell library was empty.

Dungeon Overview and Level Annotations

Branches:
Dungeon (6/15)             Temple (0/1) D:4

Altars:
Gozag
Kikubaaqudgha
Ru
Wu Jian


Message History

* * * LOW HITPOINT WARNING * * *
The bullfrog closely misses you.
You hit the centaur.
The centaur is moderately wounded.
You miss the bullfrog.
The centaur hits you but does no damage.
The bullfrog barely misses you. The centaur misses you.
You hit the centaur.
The centaur is heavily wounded.
You slash the bullfrog!
You kill the bullfrog!
Beogh accepts your kill. The centaur hits you!
* * * LOW HITPOINT WARNING * * *
Your Fighting skill increases to level 7!
Your Axes skill increases to level 10!
You hit the centaur but do no damage.
The centaur is heavily wounded.
The centaur hits you!
You die...

...##.#.#
....#.#.#####
...........###
#.#.........
.......(..### #
#.#.........#..#
#.#....(/.#.....
#.#(.()†@c.....#
##.#.)...........
#####...######.#..#.#
#.......# .# ....
###.###...# .# ...
#.....##### .# .#
#.#.#.# .( #
#.#.#.##### .. #
#<......#


You could see a centaur.

Vanquished Creatures
  Grinder (D:3)
  A phantom (D:5)
  An ogre (D:4)
  A centaur (D:5)
  2 bullfrogs
  A wyvern skeleton (D:5)
  A bullfrog zombie (D:5)
  2 hounds
  An orc priest (D:4)
  An iguana (D:5)
  3 orc wizards
  3 worker ants
  A hound zombie (D:5)
  A howler monkey zombie (D:4)
  A gnoll (D:3)
  13 adders
  3 shadow imps (D:5)
  3 white imps (D:5)
  2 oozes
  4 ufetubi
  An adder zombie (D:5)
  An adder skeleton (D:5)
  2 worms (D:4)
  4 dart slugs
  5 leopard geckos
  7 orcs
  2 ball pythons
  4 giant cockroaches
  10 goblins
  7 hobgoblins
  A jackal (D:5)
  4 quokkas
  8 bats
  9 frilled lizards
  6 kobolds
  5 rats
122 creatures vanquished.

Vanquished Creatures (others)
  An orc wizard (D:6)
  2 orcs
  A frilled lizard (D:4)
4 creatures vanquished.

Grand Total: 126 creatures vanquished

Notes
Turn   | Place    | Note
-------+----------+-------------------------------------------
     0 | D:1      | JolietJake the Hill Orc Monk began the quest for the Orb.
     0 | D:1      | Reached XP level 1. HP: 19/19 MP: 1/1
   132 | D:1      | Reached XP level 2. HP: 27/27 MP: 2/2
   230 | D:1      | You fall into a shaft and drop 1 floor!
   372 | D:1      | Reached skill level 1 in Armour
   372 | D:1      | Reached XP level 3. HP: 33/33 MP: 3/3
   750 | D:2      | Reached skill level 5 in Axes
   858 | D:2      | Reached XP level 4. HP: 14/40 MP: 4/4
  1137 | D:2      | Found a sacrificial altar of Ru.
  1259 | D:2      | Found an ornate altar of the Wu Jian Council.
  1556 | D:3      | Reached skill level 6 in Axes
  1556 | D:3      | Reached XP level 5. HP: 41/47 MP: 5/5
  2139 | D:3      | Noticed Grinder
  2147 | D:3      | Paralysed by Grinder for 6 turns
  2163 | D:3      | Paralysed by Grinder for 5 turns
  2179 | D:3      | Paralysed by Grinder for 7 turns
  2191 | D:3      | Paralysed by Grinder for 4 turns
  2197 | D:3      | Paralysed by Grinder for 4 turns
  2210 | D:3      | Paralysed by Grinder for 2 turns
  2215 | D:3      | Killed Grinder
  2216 | D:3      | Reached skill level 5 in Fighting
  2216 | D:3      | Reached skill level 7 in Axes
  2216 | D:3      | Reached XP level 6. HP: 16/56 MP: 6/6
  2748 | D:4      | Found a staircase to the Ecumenical Temple.
  2781 | D:4      | Reached XP level 7. HP: 56/61 MP: 7/7
  2836 | D:4      | Became a worshipper of Beogh the Brigand
  2836 | D:4      | Reached * piety under Beogh
  2836 | D:4      | Reached ** piety under Beogh
  3262 | D:4      | Reached skill level 8 in Axes
  3859 | D:5      | Entered Level 5 of the Dungeon
  4540 | D:5      | Found an ancient bone altar of Kikubaaqudgha.
  4540 | D:5      | Found an opulent altar of Gozag.
  4542 | D:5      | Found a sacrificial altar of Ru.
  4930 | D:5      | Reached skill level 9 in Axes
  4930 | D:5      | Reached XP level 8. HP: 37/71 MP: 8/8
  5643 | D:5      | Reached skill level 5 in Armour
  5881 | D:6      | Reached *** piety under Beogh
  5928 | D:6      | Reached skill level 10 in Axes
  5928 | D:6      | Slain by a centaur

Illustrated notes

Levels and vault maps discovered:
D:1:      dpeg_arrival_tiny_f, layout_rooms, minivault_24, st_stairs_3
D:2:      layout_rooms, lemuel_coloured_pillars_altar,
          nicolae_ru_great_annihilating_truth
D:3:      minmay_razor_zed, layout_basic, minivault_27, uniq_grinder
D:4:      layout_loops_ring, minmay_temple_entry_statues
D:5:      minmay_recursive_quarters, layout_basic,
          chequers_temple_overflow_statue_of_worship
D:6:      kennysheep_housing_project, layout_loops_cross

Skill      XL: |  1  2  3  4  5  6  7  8 |
---------------+-------------------------+-----
Fighting       | 4 5 6 7 |  7.0
Armour         | 1 2 3 4 5 |  5.1
Axes           | 5 6 7 9 10 | 10.0
Dodging        | |  2.5
Stealth        | |  1.6

Action                   |  1- 3 |  4- 6 |  7- 9 || total
-------------------------+-------+-------+-------++-------
Melee: Hand axe          |    79 |   113 |   240 ||   432
Throw: Boomerang         |       |     5 |       ||     5
Invok: Convert to Beogh  |       |       |     1 ||     1
  Use: Scroll            |     1 |     3 |     3 ||     7
       Potion            |       |     1 |     1 ||     2
 Stab: Paralysed         |       |     1 |       ||     1
Armor: Robe              |     2 |       |       ||     2
       Ring mail         |    23 |    26 |       ||    49
       Skin              |       |    10 |       ||    10
       Scale mail        |       |    11 |    76 ||    87
Dodge: Dodged            |    41 |    64 |   127 ||   232

Table legend: (Time is in decaauts)
 A = Elapsed time spent in this place.
 B = Non-inter-level travel time spent in this place.
 C = Inter-level travel time spent in this place.
 D = Time resting spent in this place.
 E = Time spent auto-exploring this place.
 F = Levels seen in this place.
 G = Mean time per level.
                   A        B        C        D        E       F      G
               +--------+--------+--------+--------+--------+-----+--------+
         Total |   5893 |   5768 |    125 |   1052 |   3787 |   6 |  982.2 |
       Dungeon |   5893 |   5768 |    125 |   1052 |   3787 |   6 |  982.2 |
               +--------+--------+--------+--------+--------+-----+--------+

Top non-repeatable levels by time:
     D:5: 1702 daAuts
     D:4: 1427 daAuts
     D:3: 1268 daAuts
     D:2: 772 daAuts
     D:1: 677 daAuts
     D:6: 46 daAuts
